 Dungeon Crawl Stone Soup version 0.30.0-29-ga12c61a403 (webtiles) character file.

Game seed: 215202893079496998

141 KamiKatze the Shield-Bearer (level 5, -1/28 HPs)
             Began as a Vine Stalker Fighter on June 17, 2023.
             Slain by a gnoll
             ... wielding a +0 heavy flail
              (5 damage)
             ... on level 3 of the Dungeon.
             The game lasted 00:07:46 (2097 turns).

KamiKatze the Shield-Bearer (Vine Stalker Fighter)  Turns: 2097, Time: 00:07:47

Health: -1/28      AC:  6    Str: 20    XL:     5   Next: 24%
Magic:  0/6        EV:  9    Int:  8    God:
Gold:   144        SH:  5    Dex: 14    Spells: 4/4 levels left

rFire   . . .        w - +2 rapier (vamp)
rCold   . . .        c - +0 buckler
rNeg    . . .        q - +0 scale mail
rPois   .            (no helmet)
rElec   .            (no cloak)
rCorr   .            (no gloves)
SInv    .            (no boots)
Will    .....        (no amulet) Stlth
                     (no ring)
HPRegen 1.04/turn    (no ring)
MPRegen 0.10/turn

%: guardian spirit
@: no status effects
A: fangs 2, regeneration 1, magic shield, antimagic bite, no potion heal 2
a: no special abilities


You were on level 3 of the Dungeon.
You visited 1 branch of the dungeon, and saw 3 of its levels.

You collected 144 gold pieces.

Inventory:

Hand Weapons
 a - a +3 hand axe
 b - a +0 war axe
 w - a +2 vampiric rapier (weapon)
Missiles
 o - 2 poisoned darts (quivered)
Armour
 c - a +0 buckler (worn)
 g - a +0 plate armour
 q - a +0 scale mail (worn)
 s - a +0 chain mail
Jewellery
 k - a ring of fire
 r - a ring of ice
Scrolls
 e - 3 scrolls of amnesia {unknown}
 f - a scroll of torment {unknown}
 i - a scroll of enchant weapon {unknown}
 j - a scroll of identify {unknown}
 n - a scroll of poison {unknown}
 t - a scroll of vulnerability {unknown}
 u - a scroll of immolation {unknown}
Potions
 d - a potion of might
 h - a potion of brilliance {unknown}
 l - a potion of lignification {unknown}
 m - a potion of curing {unknown}
 p - a potion of heal wounds {unknown}
 v - a potion of flight {unknown}


   Skills:
 + Level 3.1 Fighting
 * Level 2.8 Axes
 + Level 2.7 Armour
 + Level 1.0 Dodging
 * Level 3.5 Shields
 + Level 1.1 Evocations


You had 4 spell levels left.
You didn't know any spells.
Your spell library contained the following spells:

 Spells                   Type           Power      Damage    Failure   Level
 Scorch                   Fire           0%         2d5       93%         2
 Volatile Blastmotes      Fire/Tloc      0%         2d10      99%         3
 Flame Wave               Conj/Fire      0%         2d4       100%        4
 Fulminant Prism          Conj/Hex       0%         3d5       100%        4
 Iskenderun's Mystic Bla  Conj/Tloc      0%         2d3       100%        4
 Lee's Rapid Deconstruct  Erth           0%         3d4*      100%        5
 Summon Cactus Giant      Summ           0%         N/A       100%        6


Dungeon Overview and Level Annotations

Branches:
Dungeon (3/15)

Altars:
Makhleb

Shops:
D:2 [   D:3 =


Innate Abilities, Weirdness & Mutations

You have extremely sharp teeth.
Your natural rate of healing is unusually fast.
When hurt, damage is shared between your health and your magic reserves.
Your bite disrupts and absorbs the magic of your enemies.
Potions cannot restore your health.


Message History

The jackal bites you but does no damage.
You block the jackal's attack. The jackal attacks as you move away!
You block the jackal's attack. The jackal closely misses you.
Found an escape hatch in the ceiling.
The jackal bites you. The jackal attacks as you move away!
The jackal closely misses you.
There is an escape hatch in the ceiling here.
The jackal bites you but does no damage.
The jackal closely misses you. The gnoll barely misses you.
A mysterious force pulls you upwards. The hatch slams shut behind you.
You closely miss the jackal. You block the jackal's attack.
You miss the jackal. Your bite misses the jackal.
You block the jackal's attack.
The jackal bites you but does no damage.
You puncture the jackal!
You kill the jackal!
No target in view!
You aren't carrying any items that you can evoke.
Unknown command.
Magic restored.
There is a stone staircase leading down here.
You climb downwards.
There is a stone staircase leading up here.
You aren't carrying any items that you can evoke.
The gnoll closely misses you.
You hit the gnoll. Your bite misses the gnoll.
The gnoll is heavily wounded.
The gnoll closely misses you.
You hit the gnoll. You bite the gnoll, but do no damage.
The gnoll is heavily wounded.
The gnoll misses you. x2
The gnoll hits you from afar with a +4 halberd of distortion!
Space warps horribly around you!!
Ouch! That really hurt!
* * * LOW HITPOINT WARNING * * *
You barely miss the gnoll.
The gnoll is heavily wounded.
The gnoll hits you with a +0 heavy flail.
You die...

#.#..........#.# #.#
###########.#..#########.# #.#
............#............# #.#
#############.############ #.#
..# #.# #.# #.###########.# #.#
#.........)...# #.#
###################### #.#
.........∩......@gg..# #.#
####################.#########.#
# #..........#.# # #.###.####.#.#
###################.###...##.#.##
...................g....÷........
###################.#...#....#.##
# #.#.#.###..#.# # #.#.#.# ##...#


You could see 2 gnolls.

Vanquished Creatures
  Jessica (D:2)
  2 gnolls (D:3)
  2 adders
  A worm (D:3)
  A dart slug (D:2)
  4 ball pythons
  9 endoplasms
  5 giant cockroaches
  7 goblins
  7 hobgoblins
  4 jackals
  8 kobolds
  2 quokkas
  4 bats
  3 frilled lizards (D:1)
  7 rats
67 creatures vanquished.

Notes
Turn   | Place    | Note
-------+----------+-------------------------------------------
     0 | D:1      | KamiKatze the Vine Stalker Fighter began the quest for the
                  | Orb.
     0 | D:1      | Reached XP level 1. HP: 11/11 MP: 2/2
     6 | D:1      | Noticed a polar bear
     6 | D:1      | Noticed an iguana
     6 | D:1      | Noticed a wyvern
     6 | D:1      | Noticed a hound
    84 | D:1      | Found a faded altar of an unknown god.
   115 | D:1      | Reached XP level 2. HP: 16/16 MP: 3/3
   326 | D:1      | Reached XP level 3. HP: 19/19 MP: 2/4
   777 | D:2      | Found Nuwneqye's Antique Armour Shop.
   992 | D:2      | Gained mutation: Your natural rate of healing is unusually
                  | fast. [Vine Stalker growth]
   992 | D:2      | Reached XP level 4. HP: 20/23 MP: 5/5
  1049 | D:2      | Noticed Jessica
  1051 | D:2      | Found a burning altar of Makhleb.
  1058 | D:2      | Killed Jessica
  1059 | D:2      | Reached skill level 1 in Evocations
  1631 | D:3      | Reached skill level 1 in Dodging
  1802 | D:3      | Reached XP level 5. HP: 26/28 MP: 6/6
  1839 | D:3      | Found Paumewk's Jewellery Emporium.
  2097 | D:3      | Slain by a gnoll

Illustrated notes

Levels and vault maps discovered:
D:1:      onia_arrival_zoo_common, layout_loops_ring,
          ebering_ecumenical_altar_mist, serial_rivers,
          chequers_serial_rivers_micro_b, chequers_serial_rivers_micro_e,
          chequers_serial_rivers_small_a, chequers_serial_rivers_room_a,
          chequers_serial_rivers_micro_b
D:2:      layout_basic, serial_shops, shop, serial_co_window_serial,
          co_window_paths_a, co_window_paths_a, co_window_of_opportunity_a,
          co_window_paths_a, co_window_corner_a, co_window_corner_a,
          co_window_corner_a, co_window_2corner, co_window_broadway_b,
          co_window_broadway_b, co_window_of_opportunity_b,
          co_window_of_opportunity_b, co_window_paths_d, glass_columns_b,
          glass_columns_a, glass_columns_a, basic_altar, minmay_between,
          uniq_jessica
D:3:      layout_basic, serial_shops, shop, kennysheep_generic_room_13

Skill      XL: |  1  2  3  4 |
---------------+-------------+-----
Axes           | 2 |  2.8
Shields        | 3 |  3.5
Fighting       | 3 |  3.1
Evocations     | 1 |  1.1
Dodging        | 1 |  1.0
Armour         | |  2.7

Action                     |  1- 3 |  4- 6 || total
---------------------------+-------+-------++-------
  Melee: War axe           |    78 |       ||    78
         Bite              |    21 |    13 ||    34
         Hand axe          |    13 |    43 ||    56
         Rapier            |       |    11 ||    11
 Armour: Scale mail        |    36 |    29 ||    65
  Dodge: Dodged            |    43 |    33 ||    76
  Block: Buckler           |    15 |    19 ||    34
